 Dungeon Crawl Stone Soup version 0.30.1-11-g7821555f0a (webtiles) character file.

Game seed: 9309621964035926734

788 Kranky the Trooper (level 7, -2/94 HPs)
             Began as a Minotaur Berserker on Nov 9, 2023.
             Was a Priest of Trog.
             Slain by a komodo dragon (16 damage)
             ... on level 5 of the Dungeon.
             The game lasted 00:04:40 (3452 turns).

Kranky the Trooper (Minotaur Berserker)             Turns: 3452, Time: 00:04:40

Health: -2/94      AC: 15    Str: 24    XL:     7   Next: 56%
Magic:  6/6        EV:  7    Int: 10    God:    Trog [***...]
Gold:   335        SH:  4    Dex:  9    Spells: 6/6 levels left

rFire   . . .        a - +0 spear
rCold   . . .        m - +0 buckler
rNeg    + . .        f - +0 plate armour
rPois   .            y - +0 hat
rElec   .            (no cloak)
rCorr   .            (no gloves)
SInv    .            k - +2 pair of boots
Will    .....        (no amulet) Stlth
                     q - +6 ring of intelligence
HPRegen 0.35/turn    u - ring of positive energy
MPRegen 0.10/turn

%: no passive effects
@: berserking, very quick
A: horns 2, retaliatory headbutt
a: Renounce Religion, Berserk, Trog's Hand


You were on level 5 of the Dungeon.
You worshipped Trog.
Trog was most pleased with you.
You visited 1 branch of the dungeon, and saw 5 of its levels.

You collected 335 gold pieces.

Inventory:

Hand Weapons
 a - a +0 spear (weapon)
Armour
 b - a +0 animal skin
 f - a +0 plate armour (worn)
 k - a +2 pair of boots (worn)
 m - a +0 buckler (worn)
 x - a +0 leather armour of willpower
 y - a +0 hat (worn)
Jewellery
 q - a +6 ring of intelligence (left hand)
 u - a ring of positive energy (right hand)
Wands
 t - a wand of roots (8)
Scrolls
 e - 3 scrolls of teleportation {unknown}
 j - a scroll of immolation {unknown}
 l - 2 scrolls of amnesia {unknown}
 r - a scroll of magic mapping {unknown}
 s - 3 scrolls of identify {unknown}
 v - a scroll of blinking {unknown}
Potions
 c - a potion of degeneration {unknown}
 d - 3 potions of curing {unknown}
 g - a potion of mutation {unknown}
 h - 3 potions of brilliance {unknown}
 i - a potion of berserk rage {unknown}
 n - a potion of flight {unknown}
 o - 2 potions of invisibility {unknown}
 p - a potion of ambrosia {unknown}
 w - a potion of attraction {unknown}


   Skills:
 + Level 6.0 Fighting
 + Level 5.9 Polearms
 + Level 5.2 Armour
 + Level 4.8 Dodging
 + Level 3.2 Shields


You had 6 spell levels left.
You didn't know any spells.
Your spell library was empty.

Dungeon Overview and Level Annotations

Branches:
Dungeon (5/15)             Temple (0/1) D:5

Altars:
Cheibriados

Shops:
D:3 [   D:4 *


Innate Abilities, Weirdness & Mutations

You have a pair of horns on your head.
You reflexively headbutt those who attack you in melee.


Message History

You see here the Almanac of Execration and Translocation.
You see here the Almanac of Execration and Translocation.
You open the door.
There is an open door here.
You now have 335 gold pieces (gained 2).
A komodo dragon comes into view.
The komodo dragon hisses angrily.
You hear a bark!
A komodo dragon is nearby!
A killer bee comes into view.
The komodo dragon hisses menacingly.
There is an escape hatch in the ceiling here.
You reach to attack!
You barely miss the komodo dragon. You hit the komodo dragon.
The komodo dragon is lightly wounded.
The komodo dragon bites you but does no damage.
You hit the komodo dragon but do no damage.
You headbutt the komodo dragon, but do no damage.
The komodo dragon is lightly wounded.
The komodo dragon bites you!
You hit the komodo dragon but do no damage.
The komodo dragon is lightly wounded.
The komodo dragon bites you!
You barely miss the komodo dragon.
The komodo dragon is lightly wounded.
You hit the komodo dragon but do no damage.
The komodo dragon is lightly wounded.
The komodo dragon bites you!
A red film seems to cover your vision as you go berserk!
You feel yourself moving faster!
You feel mighty! The komodo dragon bites you!
* * * LOW HITPOINT WARNING * * *
You barely miss the komodo dragon.
The komodo dragon is lightly wounded.
The komodo dragon bites you!
* * * LOW HITPOINT WARNING * * *
You hit the komodo dragon. Your headbutt misses the komodo dragon.
The komodo dragon is moderately wounded.
You hit the komodo dragon.
The komodo dragon is moderately wounded.
The komodo dragon bites you!
You die...

#......##'#..........#######.
#......##>...................
###########..........#######.
.......#..........##### #.
.......#..............###.
.......#..................
............#...#.........
........#...#...#####.....
.........@..........#.....
........#l..#...###.#.#...
............#...###.#.##.#
...........##...........
...........#..........#
..#...................+
..#...................#
.#...................#
...........#..........#


You could see a komodo dragon.

Vanquished Creatures
  Eustachio (D:5)
  Edmund (D:5)
  2 water moccasins
  A hound (D:5)
  An orc priest (D:3)
  Jessica (D:3)
  Robin (D:2)
  11 adders
  A shadow imp (D:5)
  2 ufetubi (D:5)
  A worm (D:5)
  2 dart slugs
  3 orcs (D:3)
  8 endoplasms
  6 giant cockroaches
  6 goblins
  12 hobgoblins
  5 kobolds
  2 quokkas
  7 ball pythons
  7 bats
  3 frilled lizards
  6 rats
90 creatures vanquished.

Notes
Turn   | Place    | Note
-------+----------+-------------------------------------------
     0 | D:1      | Kranky the Minotaur Berserker began the quest for the Orb.
     0 | D:1      | Reached XP level 1. HP: 19/19 MP: 0/0
    75 | D:1      | Reached XP level 2. HP: 27/27 MP: 1/1
   368 | D:1      | Reached ** piety under Trog
   369 | D:1      | Reached skill level 4 in Fighting
   683 | D:2      | Noticed Robin
   685 | D:2      | Reached XP level 3. HP: 31/33 MP: 2/2
   810 | D:2      | Killed Robin
   964 | D:2      | Found a faded altar of an unknown god.
  1054 | D:2      | Found a snail-covered altar of Cheibriados.
  1058 | D:2      | Reached XP level 4. HP: 41/41 MP: 3/3
  1756 | D:3      | Noticed Jessica
  1760 | D:3      | Killed Jessica
  1775 | D:3      | Reached XP level 5. HP: 29/47 MP: 4/4
  1793 | D:3      | Reached *** piety under Trog
  1962 | D:3      | Found Ihuecaac's Antique Armour Emporium.
  2373 | D:4      | Found Egulirucs's Serpentskin Sales.
  2373 | D:4      | Noticed a water moccasin
  2387 | D:4      | Killed a water moccasin
  2388 | D:4      | Reached skill level 5 in Fighting
  2388 | D:4      | Reached skill level 5 in Polearms
  2388 | D:4      | Reached skill level 1 in Shields
  2388 | D:4      | Reached XP level 6. HP: 56/56 MP: 5/5
  2817 | D:5      | Entered Level 5 of the Dungeon
  2832 | D:5      | Noticed Eustachio
  2860 | D:5      | Killed Eustachio
  2861 | D:5      | Reached XP level 7. HP: 46/61 MP: 6/6
  2996 | D:5      | Reached skill level 5 in Armour
  3083 | D:5      | Noticed Edmund
  3103 | D:5      | Killed Edmund
  3104 | D:5      | Reached skill level 6 in Fighting
  3293 | D:5      | Found a staircase to the Ecumenical Temple.
  3422 | D:5      | Noticed a komodo dragon
  3452 | D:5      | Slain by a komodo dragon

Illustrated notes

Levels and vault maps discovered:
D:1:      dpeg_arrival_prison, layout_basic, corexii_leaking_fountain
D:2:      layout_basic, ebering_ecumenical_altar_petrified, basic_altar,
          uniq_robin
D:3:      layout_rooms, serial_shops, shop, serial_bayou_lagoon_a,
          minmay_misc_feat_tower, nrook_loot_triangle, st_stairs_12,
          uniq_jessica
D:4:      layout_rooms, guppyfry_shop_venom
D:5:      layout_basic, minmay_temple_entry_glassed_door, minmay_manual_mail,
          uniq_edmund, uniq_eustachio

Skill      XL: |  1  2  3  4  5  6  7 |
---------------+----------------------+-----
Polearms       | 4 5 |  5.9
Fighting       | 4 5 6 |  6.0
Armour         | 3 4 5 |  5.2
Dodging        | 3 4 |  4.8
Shields        | 1 2 3 |  3.2

Action                     |  1- 3 |  4- 6 |  7- 9 || total
---------------------------+-------+-------+-------++-------
  Melee: Spear             |    88 |   177 |    54 ||   319
         Headbutt          |     8 |    17 |     8 ||    33
 Invoke: Berserk           |       |     1 |     1 ||     2
 Armour: Animal skin       |     7 |       |       ||     7
         Plate armour      |    23 |    99 |    19 ||   141
  Dodge: Dodged            |    42 |    53 |    15 ||   110
  Block: Buckler           |       |    15 |     7 ||    22
